 Dungeon Crawl Stone Soup version 0.30-a0-377-g5cb311bc9f (webtiles) character file.

Game seed: 10260197966081513507

198 KennySheep the Shooter (level 5, -2/41 HPs)
             Began as a Demigod Hunter on Nov 27, 2022.
             Killed by divine providence
             ... invoked by an orc priest
              (14 damage)
             ... on level 4 of the Dungeon.
             The game lasted 00:05:14 (2213 turns).

KennySheep the Shooter (Demigod Hunter)             Turns: 2213, Time: 00:05:14

Health: -2/41      AC:  3    Str: 12    XL:     5   Next: 23%
Magic:  7/7        EV: 12    Int: 11    God:
Gold:   146        SH:  0    Dex: 21    Spells: 4/4 levels left

rFire   . . .      SeeInvis .    a - +0 shortbow
rCold   + . .      Faith    .    (shield currently unavailable)
rNeg    . . .      Spirit   .    c - +0 leather armour
rPois   .          Reflect  .    (no helmet)
rElec   .          Harm     .    (no cloak)
rCorr   .          Rampage  .    (no gloves)
Will    .....                    (no boots)
Stlth   ++........               (no amulet)
HPRegen 0.26/turn                d - ring of protection from cold
MPRegen 0.10/turn                (no ring)

@: no status effects
A: high MP 1, forlorn, divine attributes
a: no special abilities


You were on level 4 of the Dungeon.
You visited 1 branch of the dungeon, and saw 4 of its levels.

You collected 146 gold pieces.

Inventory:

Hand Weapons
 a - a +0 shortbow (weapon)
 b - a +3 dagger
Missiles
 k - a throwing net
Armour
 c - a +0 leather armour (worn)
Jewellery
 d - a ring of protection from cold (left hand)
 o - a ring of wizardry
Scrolls
 e - a scroll of summoning {unknown}
 f - 5 scrolls of teleportation {unknown}
 g - 2 scrolls of amnesia {unknown}
 l - 2 scrolls of immolation
 m - 4 scrolls of identify {unknown}
 n - 2 scrolls of fog {unknown}
 q - a scroll of blinking {unknown}
Potions
 h - 2 potions of curing
 i - 2 potions of degeneration {unknown}
 j - 2 potions of mutation {unknown}
 p - a potion of invisibility {unknown}
 r - a potion of flight {unknown}


   Skills:
 - Level 2.0 Fighting
 * Level 5.6 Ranged Weapons
 - Level 1.7 Dodging
 + Level 2.6 Stealth


You had 4 spell levels left.
You didn't know any spells.
Your spell library contained the following spells:

 Spells                   Type           Power      Damage    Failure   Level
 Cigotuvi's Dreadful Rot  Necr/Pois/Air  0%         N/A       56%         2
 Scorch                   Fire           0%         2d5       56%         2
 Wereblood                Tmut           0%         N/A       56%         2
 Vampiric Draining        Necr           0%         2d6       80%         3
 Flame Wave               Conj/Fire      0%         2d4       99%         4
 Yara's Violent Unravell  Hex/Tmut       0%         3d3       100%        5
 Summon Cactus Giant      Summ           0%         N/A       100%        6
 Borgnjor's Revivificati  Necr           0%         N/A       100%        8


Dungeon Overview and Level Annotations

Branches:
Dungeon (4/15)             Temple (0/1) D:4

Annotations:
D:3 1 runed translucent door, Crazy Yiuf


Innate Abilities, Weirdness & Mutations

You have an increased reservoir of magic. (+10% MP)
You shall have no god before yourself.
Your divine heritage dramatically boosts your attributes as you level up.


Message History

An orc priest comes into view.
It is wielding a +1 falchion of freezing.
The orc wizard closely misses you.
You shoot an arrow. The arrow hits the orc wizard!
The orc wizard is heavily wounded.
The orc priest calls upon Beogh to heal the orc wizard.
The orc wizard is healed somewhat.
The orc wizard completely misses you.
You shoot an arrow. The arrow hits the orc wizard.
The orc wizard is heavily wounded.
The orc priest calls down the wrath of Beogh upon you.
Beogh smites you!
The orc wizard hits you with a +0 dagger.
You shoot an arrow.
The arrow closely misses the orc wizard.
The arrow hits the orc priest!
You kill the orc priest!
The orc wizard hits you with a +0 dagger.
The orc wizard attacks as you move away!
The orc wizard misses you.
You shoot an arrow.
The arrow closely misses the orc wizard.
The arrow closely misses the orc.
The orc wizard closely misses you.
The orc wizard points at you and mumbles some strange words.
The magic dart hits you.
You shoot an arrow.
The arrow hits the orc wizard but does no damage.
The orc wizard is heavily wounded.
The orc priest mumbles some strange prayers to Beogh against you.
Beogh smites you!
The orc wizard points at you and mumbles some strange words.
The puff of flame hits you!
* * * LOW HITPOINT WARNING * * *
You shoot an arrow. The arrow hits the orc wizard.
The orc wizard is severely wounded.
The orc wizard casts a spell.
The orc wizard flickers and vanishes!
Deactivating autopickup; reactivate with Ctrl-A.
It was a potion of curing.
You feel better.
The orc priest calls down the wrath of Beogh upon you.
Beogh smites you!
You die...

###
###################.##
#............†.@{oo..#
##.#################.##
#.#..#...## #.#
...#...#..## #.oo...#
...#...#...## #.#)##.#
......###...## #.#.# #
.............## # #.#
....#.....#...# #.#
..###..>..###.# #)#


You could see an orc priest and an orc.

Vanquished Creatures
  A scorpion (D:4)
  An orc priest (D:4)
  An iguana (D:4)
  2 adders
  A worm (D:2)
  A dart slug (D:2)
  4 orcs (D:4)
  4 ball pythons
  7 bats
  5 endoplasms
  A giant cockroach (D:3)
  6 hobgoblins
  6 kobolds
  4 quokkas
  5 frilled lizards
  7 goblins
  6 rats
62 creatures vanquished.

Notes
Turn   | Place    | Note
-------+----------+-------------------------------------------
     0 | D:1      | KennySheep the Demigod Hunter began the quest for the Orb.
     0 | D:1      | Reached XP level 1. HP: 17/17 MP: 3/3
   214 | D:1      | Reached skill level 4 in Ranged Weapons
   218 | D:1      | Reached XP level 2. HP: 20/24 MP: 4/4
   460 | D:1      | Got the Cyclopedia of Transmuted Mortification
  1103 | D:2      | Reached skill level 1 in Stealth
  1103 | D:2      | Reached XP level 3. HP: 26/29 MP: 5/5
  1964 | D:3      | Found a runed translucent door.
  1965 | D:3      | Noticed Crazy Yiuf
  2047 | D:4      | Reached XP level 4. HP: 36/36 MP: 6/6
  2054 | D:4      | Found a staircase to the Ecumenical Temple.
  2057 | D:4      | Reached skill level 5 in Ranged Weapons
  2164 | D:4      | Reached XP level 5. HP: 34/41 MP: 7/7
  2213 | D:4      | Killed from afar by an orc priest

Illustrated notes

Levels and vault maps discovered:
D:1:      sevenhm_arrival_forest_fort_small_6, layout_basic, moated_statue,
          minivault_4, minivault_26, minmay_circled_x
D:2:      layout_rooms, basic_altar, chequers_serial_rivers_large_a,
          grunt_ministairs_10
D:3:      layout_basic, mainiacjoe_overflow_paths,
          dreamdust_ecumenical_altar_angels_and_demons, uniq_crazy_yiuf_cottage
D:4:      layout_loops_cross, hellmonk_okawaru_the_only_friend_you_need,
          mainiacjoe_overflow_big_doors, minmay_temple_entry_tees,
          ebering_ghost_disaster_area, serial_shops,
          nicolae_shop_overgrown_old_shop

Skill      XL: |  1  2  3  4 |
---------------+-------------+-----
Fighting       | 2 |  2.0
Ranged Weapons | 4 5 |  5.6
Stealth        | 1 2 |  2.6
Dodging        | |  1.7

Action                   |  1- 3 |  4- 6 || total
-------------------------+-------+-------++-------
 Fire: Shortbow          |   134 |    28 ||   162
  Use: Potion            |       |     1 ||     1
Armor: Leather armour    |    17 |       ||    17
Dodge: Dodged            |    30 |    18 ||    48

Table legend: (Time is in decaauts)
 A = Elapsed time spent in this place.
 B = Non-inter-level travel time spent in this place.
 C = Inter-level travel time spent in this place.
 D = Time resting spent in this place.
 E = Time spent auto-exploring this place.
 F = Levels seen in this place.
 G = Mean time per level.
                   A        B        C        D        E       F      G
               +--------+--------+--------+--------+--------+-----+--------+
         Total |   2275 |   2216 |     59 |     55 |   1830 |   4 |  568.8 |
       Dungeon |   2275 |   2216 |     59 |     55 |   1830 |   4 |  568.8 |
               +--------+--------+--------+--------+--------+-----+--------+

Top non-repeatable levels by time:
     D:1: 1018 daAuts
     D:2: 545 daAuts
     D:3: 535 daAuts
     D:4: 176 daAuts
